 Dungeon Sprint DCSS version 0.22-a0-542-gce4f928 (webtiles) character file.

14 raistware the Covert (level 2, 0/14 HPs)
             Began as a Spriggan Assassin on June 24, 2018.
             Was a Follower of Makhleb.
             Slain by an ooze (5 damage)
             ... in the Dungeon (Sprint VII: "The Pits").
             The game lasted 00:01:13 (90 turns).

raistware the Covert (Spriggan Assassin)              Turns: 90, Time: 00:01:14

Health: 0/14       AC:  3    Str:  7    XL:     2   Next: 27%
Magic:  3/3        EV: 17    Int: 12    God:    Makhleb [*.....]
Gold:   0          SH:  0    Dex: 17    Spells: 1/1 levels left

rFire    . . .     SeeInvis +   a - +2 dagger
rCold    . . .     Gourm    .   (shield restricted)
rNeg     . . .     Faith    .   c - +0 robe
rPois    .         Spirit   .   (helmet restricted)
rElec    .         Reflect  .   d - +0 cloak
rCorr    .         Harm     .   (gloves unavailable)
MR       .....     NoTele   +   (boots unavailable)
Stlth    ++++......             (no amulet)
HPRegen  0.04/turn              (no ring)
MPRegen  0.08/turn              (no ring)

@: hasted, very quick
A: very small, unfitting armour, see invisible, herbivore, speed 3, slow
metabolism 2
a: Renounce Religion


You were in the Dungeon.
You worshipped Makhleb.
Makhleb was aware of your devotion.
You were not hungry.

You visited 1 branch

Inventory:

Hand Weapons
 a - a +2 dagger (weapon)
 b - a +0 blowgun
Missiles
 e - 8 poisoned needles
 f - 2 curare-tipped needles
 s - 10 stones (quivered)
Armour
 c - a +0 robe (worn)
 d - a +0 cloak (worn)
Scrolls
 m - a scroll of blinking
 o - 3 scrolls of remove curse
 p - 5 scrolls of amnesia
 q - a scroll of summoning
 r - 2 scrolls of vulnerability
Potions
 h - a potion of curing
 i - a potion of heal wounds
 k - 4 potions of magic
 l - 3 potions of berserk rage
 n - 2 potions of invisibility
Comestibles
 g - 9 rations


   Skills:
 - Level 1.5 Fighting
 + Level 3.6 Short Blades
 - Level 2.0 Throwing
 - Level 1.5 Dodging
 * Level 8.5 Stealth


You had one spell level left.
You didn't know any spells.
Your spell library was empty.

Dungeon Overview and Level Annotations

Branches:
Dungeon (1/1)

Altars:
Ashenzari
Cheibriados
Dithmenos
Elyvilon
Fedhas
Gozag
Hepliaklqana
Kikubaaqudgha
Makhleb
Nemelex Xobeh
Okawaru
Qazlal
Ru
Sif Muna
Trog
Uskayaw
Vehumet
Wu Jian
Xom
Yredelemnul
Zin
The Shining One
Beogh
Jiyva
Lugonu


Innate Abilities, Weirdness & Mutations

You are very small and have problems with some larger weapons.
You are too small for most types of armour.
You have supernaturally acute eyesight. (SInv)
You are a herbivore.
You cover ground extremely quickly.
You need to consume almost no food.


Message History

You hit the leopard gecko.
You kill the leopard gecko!
Makhleb accepts your kill.
You can now gain health from killing.
You hit the ooze but do no damage. The ooze hits you.
You hit the ooze but do no damage. The ooze misses you.
You hit the ooze.
The ooze is lightly wounded.
The ooze hits you.
Okay, then.
There is an open door here.
You feel yourself speed up.
You hit the ooze.
The ooze is lightly wounded.
You barely miss the ooze.
The ooze is lightly wounded.
The ooze closely misses you.
You hit the ooze.
The ooze is moderately wounded.
The ooze hits you.
You die...

############
#_________.#
#_________.#
#_______...###########++
##########'##...........
#..|.')))'.##......#..#
##########.##..........
#...........'...........
+#####@#####......#..#.
#..†.J# #...........
#.)...# ####'#####+
###'### #.......# ...
#.......# .....
#.......# ####+##
#...<...# #.......#
#.......#


You could see an ooze.

Vanquished Creatures
  A river rat (D)
  A leopard gecko (D)
  An orc (D)
  A frilled lizard (D)
4 creatures vanquished.

Notes
Turn   | Place    | Note
-------+----------+-------------------------------------------
     0 | D        | raistware the Spriggan Assassin began the quest for the Orb.
     0 | D        | Reached XP level 1. HP: 10/10 MP: 2/2
    11 | D        | Reached skill level 6 in Stealth
    48 | D        | Found a bloodstained altar of Trog.
    48 | D        | Found a deep blue altar of Sif Muna.
    48 | D        | Found a viscous altar of Jiyva.
    48 | D        | Found a hazy altar of Hepliaklqana.
    48 | D        | Found an opulent altar of Gozag.
    49 | D        | Found a glowing golden altar of the Shining One.
    49 | D        | Found a glowing silver altar of Zin.
    49 | D        | Found a basalt altar of Yredelemnul.
    49 | D        | Found a shimmering altar of Xom.
    49 | D        | Found an ornate altar of the Wu Jian Council.
    49 | D        | Found a sacrificial altar of Ru.
    49 | D        | Found a stormy altar of Qazlal.
    49 | D        | Found an iron altar of Okawaru.
    49 | D        | Found a sparkling altar of Nemelex Xobeh.
    49 | D        | Found a burning altar of Makhleb.
    49 | D        | Found a blossoming altar of Fedhas.
    49 | D        | Found a white marble altar of Elyvilon.
    49 | D        | Found a shadowy altar of Dithmenos.
    49 | D        | Found a snail-covered altar of Cheibriados.
    50 | D        | Found a radiant altar of Vehumet.
    50 | D        | Found a corrupted altar of Lugonu.
    50 | D        | Found a roughly hewn altar of Beogh.
    51 | D        | Found an ancient bone altar of Kikubaaqudgha.
    51 | D        | Found a hide-covered altar of Uskayaw.
    51 | D        | Found a shattered altar of Ashenzari.
    57 | D        | Became a worshipper of Makhleb the Destroyer
    74 | D        | Reached skill level 8 in Stealth
    74 | D        | Reached XP level 2. HP: 14/14 MP: 3/3
    81 | D        | Reached * piety under Makhleb
    90 | D        | Slain by an ooze

Vault maps used:
D:        pitsprint

Skill      XL: |  1 |
---------------+----+-----
Stealth        | 8 |  8.5
Short Blades   | 3 |  3.6
Fighting       | |  1.5
Throwing       | |  2.0
Dodging        | |  1.5

Action                   || total
-------------------------++-------
Melee: Dagger            ||    13
  Use: Potion            ||     1
 Stab: Sleeping          ||     3
Armor: Robe              ||     1
Dodge: Dodged            ||     4

Table legend:
 A = Spawn XP
 B = Non-spawn XP
 C = Spawn XP percentage of total XP
 D = Spawn monster count
 E = Non-spawn monster count
 F = Spawn count percentage of total count
 G = Total turns spent on level
                    A         B        C        D         E        F      G
               +---------+---------+-------+---------+---------+-------+---------
         Total |       0 |      20 |   0.0 |       0 |       4 |   0.0 |    90
               +---------+---------+-------+---------+---------+-------+---------
             D |       0 |      20 |   0.0 |       0 |       4 |   0.0 |    90
               +---------+---------+-------+---------+---------+-------+---------
